 Dungeon Crawl Stone Soup version 0.19-a0-970-g9a4211b (webtiles) character file.

55657 Arkorax the Earth Mage (level 14, -8/80 HPs)
             Began as a Deep Elf Earth Elementalist on July 13, 2016.
             Was a High Priest of Vehumet.
             Mangled by a sixfirhy (9 damage)
             ... summoned by Frances
             ... on level 14 of the Dungeon.
             The game lasted 01:23:28 (20010 turns).

Arkorax the Earth Mage (DEEE)                      Turns: 20010, Time: 01:23:30

Health: -8/80      AC: 15    Str:  6    XL:     14   Next: 39%
Magic:  14/33      EV: 18    Int: 26    God:    Vehumet [*****.]
Gold:   1152       SH:  0    Dex: 17    Spells: 3 memorised, 30 levels left

rFire  + . .     SeeInvis .     k - staff of earth
rCold  . . .     Gourm    .     o - +1 leather armour "Onnej" {Regen+ Str-2 Dex+2}
rNeg   . . .     Faith    .     (no shield)
rPois  .         Spirit   .     H - +1 helmet
rElec  .         Dismiss  .     C - +1 cloak {rF+}
rCorr  .         Reflect  .     p - +0 pair of gloves {Str+3}
SustAt .         Harm     .     u - +0 pair of boots
MR     ++...                    j - amulet of magic regeneration
Stlth  ++........               n - +3 ring of protection
                                w - ring of protection from magic

@: very resistant to hostile enchantments, unstealthy
A: no striking features
a: Renounce Religion


You were on level 14 of the Dungeon.
You worshipped Vehumet.
Vehumet was extremely pleased with you.
You were not hungry.

You visited 3 branches of the dungeon, and saw 21 of its levels.
You also visited: Volcano.

You collected 1305 gold pieces.
You spent 153 gold pieces at shops.

Inventory:

Hand Weapons
 N - a +2 flail of protection
 R - the +7 quarterstaff of Lenuoqet {elec, +Inv MR+}
   (You found it on level 14 of the Dungeon)

   Occasionally, upon striking a foe, it will discharge some electrical energy
   and cause terrible harm.
   It affects your resistance to hostile enchantments.
   It lets you turn invisible.
Missiles
 b - 530 stones (quivered)
 y - 2 throwing nets
Armour
 o - the +1 leather armour "Onnej" (worn) {Regen+ Str-2 Dex+2}
   (You found it on level 11 of the Dungeon)

   It affects your strength (-2).
   It affects your dexterity (+2).
   It increases your rate of regeneration.
 p - a +0 pair of gloves of strength (worn)
 u - a +0 pair of boots (worn)
 C - a +1 cloak of fire resistance (worn)
 H - a +1 helmet (worn)
 T - a +1 robe of fire resistance
Magical Staves
 k - an uncursed staff of earth (weapon)
Jewellery
 j - an amulet of magic regeneration (around neck)
 n - a +3 ring of protection (right hand)
 t - an uncursed amulet of dismissal {unknown}
 w - a ring of protection from magic (left hand)
 O - a +2 amulet of reflection {unknown}
 U - an uncursed ring of see invisible
 W - an uncursed amulet of faith {unknown}
 Y - a cursed amulet of inaccuracy {unknown}
Wands
 m - a wand of paralysis (16/24)
 E - a wand of digging (4/24)
 G - a wand of acid (4/15)
 K - a wand of digging (16/24)
 Q - a wand of iceblast (1/15)
 V - a wand of iceblast (9/15)
Scrolls
 a - 8 scrolls of teleportation
 c - 2 scrolls of recharging
 h - 5 scrolls of remove curse
 r - a scroll of fog
 s - a scroll of magic mapping
 x - 3 scrolls of enchant weapon
 F - 3 scrolls of amnesia
 P - a scroll of identify
 S - 2 scrolls of fear
Potions
 f - 3 potions of agility
 g - 5 potions of curing
 i - 2 potions of flight
 l - 2 potions of cure mutation
 z - 4 potions of might
 A - 4 potions of berserk rage
 B - a potion of heal wounds
 D - 2 potions of cancellation
 J - 2 potions of magic
 M - 3 potions of brilliance
 X - a potion of haste
Books
 e - a book of Geomancy

   Spells                             Type                      Level
   a - Sandblast                      Earth                        1
   b - Passwall                       Transmutation/Earth          2
   c - Stone Arrow                    Conjuration/Earth            3
   d - Petrify                        Transmutation/Earth          4
   e - Lee's Rapid Deconstruction     Earth                        5
 L - a book of Air

   Spells                             Type                      Level
   a - Shock                          Conjuration/Air              1
   b - Swiftness                      Charms/Air                   2
   c - Repel Missiles                 Charms/Air                   2
   d - Static Discharge               Conjuration/Air              3
   e - Lightning Bolt                 Conjuration/Air              5
Comestibles
 d - 4 bread rations
 q - 45 fruits
 v - 5 meat rations
 I - 6 slices of pizza


   Skills:
 - Level 6.5 Fighting
 - Level 10.6 Staves
 - Level 6.6 Armour
 - Level 10.0 Dodging
 - Level 2.4 Stealth
 * Level 13.4 Spellcasting
 - Level 6.0 Conjurations
   Level 1.1 Transmutations
 * Level 15.7 Earth Magic
 + Level 1.8 Evocations


You had 30 spell levels left.
You knew the following spells:

 Your Spells              Type           Power        Failure   Level  Hunger
a - Sandblast             Erth           ######       0%          1    None
b - Stone Arrow           Conj/Erth      ######       1%          3    None
c - Lee's Rapid Deconstr  Erth           #######...   1%          5    ##.....


Dungeon Overview and Level Annotations

Branches:
Dungeon (14/15)            Temple (1/1) D:6            Lair (6/6) D:8
  Swamp (0/4) Lair:3       Spider (0/4) Lair:2        Slime (0/5) Lair:5
    Orc (0/2) D:11         Vaults (0/5) D:14

Altars:
Ashenzari
Cheibriados
Dithmenos
Elyvilon
Fedhas
Gozag
Hepliaklqana
Kikubaaqudgha
Makhleb
Nemelex Xobeh
Okawaru
Pakellas
Qazlal
Ru
Sif Muna
Trog
Uskayaw
Vehumet
Xom
Yredelemnul
Zin
The Shining One
Beogh

Shops:
D:10 [   D:12 (

Annotations:
D:6 Vergil's ghost, novice MiHu
D:14 Frances; Herrn's ghost, journeyman NaFE


Message History

Your surroundings suddenly seem different.
The sixfirhy completely misses you. The sixfirhy hits you!
* * * LOW HITPOINT WARNING * * *
The sixfirhy shocks you!
* * * LOW HITPOINT WARNING * * *
Okay, then.
You feel much better. The sixfirhy hits you! The sixfirhy shocks you!
* * * LOW HITPOINT WARNING * * *
The sixfirhy misses you. The sixfirhy closely misses you.
The sixfirhy hits you.
* * * LOW HITPOINT WARNING * * *
The sixfirhy shocks you!
* * * LOW HITPOINT WARNING * * *
As you read the scroll of fear, it crumbles to dust.
You assume a fearsome visage.
Frances resists with some effort.
The hellwing is unaffected.
The sixfirhy is unaffected.
The komodo dragon easily resists.
The sixfirhy hits you!
* * * LOW HITPOINT WARNING * * *
The sixfirhy shocks you!
You die...

#......###....## #
#......##......##.#
######.............
#######.#......... #..#
#................. #..#
#................. #..#
#.........†.......##..#
#........).###........<
#.....@.....##...W.....
#.....4...)##..........
#..........# #...J.....
#...........##..JZJ....
#..........###.........
#.......l.@# #.......$.
#.........)# #...<.....
#.......4..# #.........
........4# #......>..


You could see Frances, a hellwing, a komodo dragon and a sixfirhy.

Vanquished Creatures
  Rupert (Lair:5)
  Azrael (D:13)
  The ghost of Narqulie the Blocker, a journeyman MiFi of Okawaru (D:13)
  Josephine (D:14)
  Fannar (D:12)
  Erolcha (D:13)
  3 hydras
  A dancing weapon (Volcano)
  2 catoblepae
  A tengu warrior (D:14)
  2 hill giants (D:11)
  2 unseen horrors
  Pikel (D:8)
  2 cyclopes (D:12)
  A wolf spider zombie (D:14)
  2 deep elf magi (D:13)
  A manticore (D:12)
  2 griffons
  An ugly thing (D:12)
  3 oklob plants
  4 elephants
  4 toenail golems (Volcano)
  Joseph (D:8)
  The ghost of Vergil the Zephyrmancer, a novice TeAE of Qazlal (D:5)
  2 gargoyles
  A torpor snail (Lair:2)
  3 centaur zombies
  A kobold demonologist (D:11)
  5 spiny frogs
  An efreet (D:13)
  4 komodo dragons
  2 rime drakes (Lair:5)
  3 wyverns
  7 jumping spiders (Lair:2)
  2 two-headed ogres
  6 trolls
  A boulder beetle (Lair:4)
  Grinder (D:4)
  7 slime creatures
  6 wraiths
  39 yaks
  8 hippogriffs
  2 fire elementals (D:13)
  6 humans (Volcano)
  A basilisk (Lair:3)
  2 vampire mosquitoes (D:12)
  A hungry ghost (D:11)
  A warg (D:11)
  A soldier ant (D:12)
  25 water moccasins
  2 hell hounds (D:13)
  12 orc warriors
  4 porcupines
  4 sky beasts
  6 necrophages (Lair:4)
  11 ice beasts
  3 slaves (D:8)
  2 wasps
  8 ogres
  4 phantoms
  A wolf (D:10)
  10 centaurs
  12 crocodiles
  2 big kobolds (D:11)
  16 giant frogs
  A gnoll sergeant (D:8)
  2 wyvern zombies
  A water moccasin zombie (D:9)
  A wyvern skeleton (D:4)
  2 scorpions
  4 jellies
  5 killer bees (D:9)
  3 wights (D:11)
  An electric eel (D:10)
  A howler monkey (D:4)
  4 crimson imps
  4 giant frog zombies
  8 hounds
  2 quasits (D:10)
  8 orc priests
  6 centaur skeletons
  8 orc wizards
  A giant frog skeleton (D:7)
  A gnoll shaman (D:5)
  13 iguanas
  Terence (D:2)
  10 worker ants
  A killer bee zombie (D:9)
  9 sheep
  A giant frog simulacrum (D:10)
  12 gnolls
  34 adders
  16 river rats
  4 shadow imps
  2 white imps (D:10)
  A worker ant simulacrum (D:10)
  2 ufetubi (D:10)
  An adder zombie (D:5)
  2 worms
  2 dart slugs
  7 giant geckos
  52 orcs
  7 bats
  A bat skeleton (D:2)
  3 giant cockroaches
  2 gnoll zombies (D:9)
  8 goblins
  7 hobgoblins
  7 jackals
  9 kobolds
  3 quokkas
  2 ball pythons
  A ball python zombie (D:2)
  A giant gecko skeleton (D:2)
  2 giant newts
  A jackal skeleton (D:4)
  A jackal zombie (D:7)
  6 rats
  2 fungi
  2 plants
573 creatures vanquished.

Vanquished Creatures (others)
  A slave (D:8)
  A bat (D:2)
  3 fungi
  A plant (Lair:4)
6 creatures vanquished.

Grand Total: 579 creatures vanquished

Notes
Turn   | Place    | Note
-------+----------+-------------------------------------------
     0 | D:1      | Arkorax the Deep Elf Earth Elementalist began the quest for the Orb.
     0 | D:1      | Reached XP level 1. HP: 10/10 MP: 6/6
   473 | D:1      | Reached XP level 2. HP: 15/15 MP: 6/8
   636 | D:1      | Reached skill level 4 in Earth Magic
   983 | D:2      | Reached XP level 3. HP: 19/19 MP: 5/9
  1000 | D:2      | Learned a level 3 spell: Stone Arrow
  1237 | D:2      | Reached skill level 1 in Conjurations
  1414 | D:2      | Noticed Terence
  1432 | D:2      | Killed Terence
  1432 | D:2      | Reached XP level 4. HP: 16/24 MP: 2/11
  1551 | D:2      | Reached skill level 5 in Earth Magic
  2270 | D:3      | Reached XP level 5. HP: 27/28 MP: 5/13
  2555 | D:4      | Learned a level 5 spell: Lee's Rapid Deconstruction
  3077 | D:4      | Noticed Grinder
  3095 | D:4      | Paralysed by Grinder for 7 turns
  3103 | D:4      | Killed Grinder
  3103 | D:4      | Reached skill level 6 in Earth Magic
  3103 | D:4      | Reached XP level 6. HP: 21/32 MP: 3/15
  3250 | D:4      | Reached skill level 5 in Spellcasting
  3266 | D:4      | Reached XP level 7. HP: 36/36 MP: 2/16
  3750 | D:4      | Reached skill level 7 in Earth Magic
  3790 | D:5      | Entered Level 5 of the Dungeon
  3885 | D:5      | Noticed Vergil's ghost (novice TeAE)
  3888 | D:5      | Killed Vergil's ghost
  3888 | D:5      | Reached skill level 5 in Conjurations
  3991 | D:5      | Reached XP level 8. HP: 41/41 MP: 12/18
  4135 | D:5      | Found a deep blue altar of Sif Muna.
  4542 | D:6      | Reached skill level 8 in Earth Magic
  4549 | D:6      | Noticed Vergil's ghost (novice MiHu)
  4603 | D:6      | Found a bloodstained altar of Trog.
  4633 | D:6      | Reached skill level 1 in Fighting
  5012 | D:6      | Found a glowing silver altar of Zin.
  5028 | D:6      | Found a stormy altar of Qazlal.
  5030 | D:6      | Noticed an air elemental
  5031 | D:6      | Found a staircase to the Ecumenical Temple.
  5042 | Temple   | Entered the Ecumenical Temple
  5137 | Temple   | Became a worshipper of Vehumet
  5235 | D:6      | Found a shadowy altar of Dithmenos.
  5578 | D:7      | Reached skill level 9 in Earth Magic
  5699 | D:7      | Reached XP level 9. HP: 48/48 MP: 10/22
  5934 | D:7      | Got a warped turquoise ring
  6013 | D:7      | Identified the ring of Vituisoo {+Fly Str+3} (You found it on level 7 of the Dungeon)
  6610 | D:8      | Reached skill level 5 in Dodging
  6611 | D:8      | Reached * piety under Vehumet
  6611 | D:8      | Offered knowledge of Freeze by Vehumet.
  6820 | D:8      | Noticed Joseph
  6867 | D:8      | Noticed Pikel
  6903 | D:9      | Reached skill level 10 in Earth Magic
  7135 | D:9      | Found a shimmering altar of Xom.
  7759 | D:9      | Found an oddly glowing altar of Pakellas.
  7783 | D:9      | Reached XP level 10. HP: 56/56 MP: 13/24
  7800 | D:9      | Reached ** piety under Vehumet
  7800 | D:9      | Offered knowledge of Searing Ray by Vehumet.
  7942 | D:9      | Found a basalt altar of Yredelemnul.
  8122 | D:10     | Entered Level 10 of the Dungeon
  8331 | D:10     | Identified a scroll of acquirement
  8487 | D:10     | Reached skill level 11 in Earth Magic
  8513 | D:10     | Found Nupsor's Antique Armour Emporium.
  8773 | D:10     | Bought a pair of runed gloves for 153 gold pieces
  8955 | D:10     | Reached skill level 1 in Armour
  9185 | D:10     | Noticed a gargoyle
  9186 | D:10     | Killed a gargoyle
  9712 | D:10     | Killed an unseen horror
  9778 | D:11     | Found a staircase to the Orcish Mines.
  9787 | D:11     | Offered knowledge of Inner Flame by Vehumet.
 10000 | D:11     | Got a jewelled leather armour
 10012 | D:11     | Identified the cursed +1 leather armour "Onnej" {Regen+ Str-2 Dex+2} (You found it on level 11 of the Dungeon)
 10127 | D:11     | Reached *** piety under Vehumet
 10127 | D:11     | Reached skill level 5 in Fighting
 10199 | D:11     | Noticed a hill giant
 10239 | D:11     | Killed a hill giant
 10239 | D:11     | Reached XP level 11. HP: 63/63 MP: 1/26
 10375 | D:11     | Reached skill level 12 in Earth Magic
 10456 | D:11     | Offered knowledge of Force Lance by Vehumet.
 10633 | D:11     | Found a roughly hewn altar of Beogh.
 10663 | D:11     | Noticed a hill giant
 10677 | D:11     | Killed a hill giant
 11015 | D:11     | Reached **** piety under Vehumet
 11149 | D:8      | Killed Joseph
 11168 | D:8      | Offered knowledge of Fulminant Prism by Vehumet.
 11200 | D:8      | Killed Pikel
 11200 | D:8      | Reached skill level 5 in Armour
 11311 | D:8      | Found a staircase to the Lair.
 11505 | Lair:1   | Entered Level 1 of the Lair of Beasts
 12175 | Lair:2   | Reached skill level 13 in Earth Magic
 12176 | Lair:2   | Found a hole to the Spider Nest.
 12669 | Lair:2   | Reached XP level 12. HP: 70/70 MP: 10/27
 13617 | Lair:3   | Reached skill level 10 in Dodging
 13695 | Lair:3   | Found a staircase to the Swamp.
 14085 | Lair:4   | Reached ***** piety under Vehumet
 14106 | Lair:4   | Reached skill level 1 in Staves
 14126 | Lair:4   | Offered knowledge of Conjure Ball Lightning by Vehumet.
 14400 | Lair:4   | Noticed a catoblepas
 14432 | Lair:4   | Killed a catoblepas
 14525 | Lair:4   | Reached skill level 14 in Earth Magic
 14529 | Lair:4   | Reached skill level 10 in Spellcasting
 14638 | Lair:4   | Found a frozen archway.
 15117 | Lair:4   | Noticed a five-headed hydra
 15125 | Lair:4   | Killed a five-headed hydra
 15458 | Lair:5   | Got a pitted long sword
 15459 | Lair:5   | Identified the cursed +1 long sword "Plog" {flame, rElec rF+} (You found it on level 5 of the Lair of Beasts)
 15515 | Lair:5   | Noticed Rupert
 15517 | Lair:5   | Noticed an eight-headed hydra
 15539 | Lair:5   | Killed Rupert
 15539 | Lair:5   | Reached skill level 5 in Staves
 15539 | Lair:5   | Reached XP level 13. HP: 75/75 MP: 13/29
 15687 | Lair:5   | Found a dark tunnel.
 15736 | Volcano  | Entered a volcano
 16389 | Lair:5   | Offered knowledge of Throw Icicle by Vehumet.
 16920 | Lair:5   | Found a staircase to the Slime Pits.
 16972 | Lair:6   | Entered Level 6 of the Lair of Beasts
 17418 | D:12     | Reached skill level 15 in Earth Magic
 17918 | D:12     | Noticed Fannar
 18082 | D:12     | Found Qynt's Antique Weapon Boutique.
 18141 | D:12     | Killed Fannar
 18569 | D:13     | Noticed Narqulie's ghost (journeyman MiFi)
 18581 | D:13     | Noticed Azrael
 18592 | D:14     | HP: 3/75 [catoblepas (15)]
 18645 | D:14     | Noticed Herrn's ghost (journeyman NaFE)
 18752 | D:13     | Offered knowledge of Iron Shot by Vehumet.
 18755 | D:13     | Killed Azrael
 18755 | D:13     | Reached XP level 14. HP: 45/80 MP: 19/32
 18758 | D:13     | Noticed Erolcha
 18777 | D:13     | Killed Erolcha
 18777 | D:13     | Reached skill level 10 in Staves
 18998 | D:13     | Killed Narqulie's ghost
 19807 | D:14     | Got a transparent quarterstaff
 19808 | D:14     | Identified the +7 quarterstaff of Lenuoqet {elec, +Inv MR+} (You found it on level 14 of the Dungeon)
 19906 | D:14     | Noticed Josephine
 19979 | D:14     | Killed Josephine
 19979 | D:14     | Reached skill level 1 in Evocations
 19993 | D:14     | Noticed Frances
 20002 | D:14     | HP: 4/80 [sixfirhy[Frances] (8)]
 20003 | D:14     | HP: 1/80 [Frances/hand axe of chopping (3)]
 20004 | D:14     | Found a gate to the Vaults.
 20010 | D:14     | HP: 1/80 [sixfirhy[Frances] (7)]
 20010 | D:14     | Mangled by a sixfirhy

Vault maps used:
D:1:      lightli_iron_boxes
D:2:      serial_undead, serial_undead_f, serial_undead_e, serial_undead_b,
          serial_undead_b, serial_undead_b, lemuel_another_geyser, uniq_terence
D:4:      first_bread, uniq_grinder
D:5:      lemuel_round_altar
D:6:      nicolae_qazlal_style_of_elements, kennysheep_little_box,
          grunt_dithmenos_smoke_and_mirrors, bloody_trog
D:8:      lair_0_dummy, uniq_joseph, uniq_pikel
D:9:      lemuel_zombie_altar_yredelemnul, johnstein_pakellas_dig, basic_altar
D:10:     serial_ice, serial_ice_o, serial_ice_c, serial_ice_h, serial_ice_i,
          serial_shops, nicolae_shop_overgrown_old_shop
D:11:     david_orc_3, blue_anna_alchemist
D:12:     serial_shops, shop, uniq_fannar
D:13:     uniq_erolcha, uniq_azrael
D:14:     david_vaults_1, minivault_19, basic_altar, minivault_13, uniq_frances,
          uniq_josephine
Temple:   eino_temple_rhombus
Lair:2:   nicolae_spider_entry_tight_spaces, grunt_forest_small_clearings
Lair:3:   dpeg_oklob_shooting_range, swamp_mist, lemuel_fruit_fields,
          infiniplex_staircase_pool, lemuel_fruit_tree
Lair:4:   portal_ice_cave_entry_ice_beasts, st_stairs_4, roderic_carrion_pond,
          grunt_megastairs_4, serial_bayou_shore_b
Lair:5:   lemuel_reptile_caves, minmay_slime_entry_oklob_enclosed,
          enter_volcano_1, uniq_rupert
Lair:6:   hangedman_lair_tendril_chambers
Volcano:  volcano_bunker

Skill      XL: |  1  2  3  4  5  6  7  8  9 10 11 12 13 14 |
---------------+-------------------------------------------+-----
Earth Magic    | 4 5 6 7 9 10 11 13 14 15 | 15.7
Conjurations   | 1 2 4 5 6 |  6.0
Spellcasting   | 4 5 7 8 9 10 12 13 | 13.4
Fighting       | 2 3 5 6 |  6.5
Dodging        | 4 6 7 9 10 | 10.0
Armour         | 3 6 |  6.6
Staves         | 5 9 10 | 10.6
Evocations     | 1 |  1.8
Stealth        | |  2.4
Transmutations | |  1.1

Action                   |  1- 3 |  4- 6 |  7- 9 | 10-12 | 13-15 || total
-------------------------+-------+-------+-------+-------+-------++-------
Melee: Short sword       |     6 |       |       |       |       ||     6
       Long sword        |       |     6 |     1 |       |       ||     7
       Dagger            |       |       |     1 |       |       ||     1
       Flail             |       |       |    15 |       |       ||    15
       Staff             |       |       |       |    26 |   140 ||   166
 Cast: Sandblast         |    55 |    34 |    13 |    13 |     1 ||   116
       Stone Arrow       |     2 |    36 |    80 |   207 |   220 ||   545
       Lee's Rapid Decon |       |       |    73 |   153 |   104 ||   330
Evoke: Wand              |       |       |       |     5 |       ||     5
  Use: Scroll            |       |       |     1 |    28 |    11 ||    40
       Potion            |       |       |       |       |     8 ||     8
 Stab: Sleeping          |       |     2 |       |       |       ||     2
       Distracted        |       |       |       |       |     1 ||     1
  Eat: Chunk             |     1 |     8 |    20 |    20 |    19 ||    68
       Bread ration      |       |       |     3 |     4 |       ||     7
       Fruit             |       |       |       |     8 |     5 ||    13
       Meat ration       |       |       |       |     1 |       ||     1
Armor: Robe              |    12 |       |    22 |     1 |       ||    35
       Troll leather arm |       |       |       |    15 |       ||    15
       Leather armour    |       |       |       |    26 |    91 ||   117
Dodge: Dodged            |    30 |    15 |    54 |    89 |   205 ||   393
